 Dungeon Crawl Stone Soup version 0.21-a0-225-g207ae17 (webtiles) character file.

149 tidbits the Insei (level 4, 8/34 HPs)
             Began as a Demigod Transmuter on Aug 28, 2017.
             Quit the game on level 3 of the Dungeon.
             The game lasted 00:10:37 (1075 turns).

tidbits the Insei (Demigod Transmuter)              Turns: 1075, Time: 00:10:37

Health: 8/34       AC:  2    Str: 12 (13) XL:     4   Next: 83%
Magic:  8/10       EV: 12    Int: 19 (21) God:
Gold:   96         SH:  0    Dex: 14 (16) Spells: 1/7 levels left

rFire    . . .     SeeInvis .     - Unarmed
rCold    . . .     Gourm    .   (no shield)
rNeg     . . .     Faith    .   b - +0 robe
rPois    .         Spirit   .   (no helmet)
rElec    .         Reflect  .   (no cloak)
rCorr    .         Harm     .   (no gloves)
MR       .....                  (no boots)
Stlth    +.........             q - amulet of magic regeneration
HPRegen  0.11/turn              e - +2 ring of intelligence
MPRegen  0.37/turn              (no ring)

@: lethally poisoned (8 -> -1), very slightly contaminated
A: high mp 1
a: no special abilities


You were on level 3 of the Dungeon.
You were hungry.

You visited 1 branch of the dungeon, and saw 4 of its levels.

You collected 96 gold pieces.

Inventory:

Hand Weapons
 g - a +0 mace
Missiles
 a - 9 arrows
 f - 34 sling bullets
 l - 19 poisoned needles
 n - 51 stones (quivered)
Armour
 b - a +0 robe (worn)
Jewellery
 e - a +2 ring of intelligence (left hand)
   (You found it on level 1 of the Dungeon)
 q - an amulet of magic regeneration (around neck)
   (You found it on level 2 of the Dungeon)
Wands
 o - a wand of lightning (11/15)
Scrolls
 k - 2 scrolls of immolation
Potions
 m - a potion of magic
Books
 c - a book of Changes

   Spells                             Type                      Level
   a - Beastly Appendage              Transmutation                1
   b - Sticks to Snakes               Transmutation                2
   c - Spider Form                    Transmutation/Poison         3
   d - Ice Form                       Ice/Transmutation            4
   e - Blade Hands                    Transmutation                5
Comestibles
 d - 2 bread rations
 h - 7 chunks of flesh
 j - 2 fruits


   Skills:
 - Level 0.8 Fighting
 - Level 1.7 Dodging
 * Level 4.2 Unarmed Combat
 - Level 2.4 Spellcasting
 + Level 3.1 Transmutations


You had one spell level left.
You knew the following spells:

 Your Spells              Type           Power        Failure   Level  Hunger
e - Beastly Appendage     Tmut           ##....       4%          1    #......
k - Sticks to Snakes      Tmut           ##......     7%          2    ##.....
p - Spider Form           Tmut/Pois      #.........   26%         3    ###....


Dungeon Overview and Level Annotations

Branches:
Dungeon (4/15)
 Temple: D:4-7

Annotations:
D:3 1 transporter


Innate Abilities, Weirdness & Mutations

You have an increased reservoir of magic. (+10% MP)


Message History

The gnoll hits your adder with a club!
Your adder dies!
Your transformation has ended.
Your +0 robe unmelds from your body.
You kill the gnoll!
Your Transmutations skill increases to level 3!
Casting: Sticks to Snakes
Confirm with . or Enter, or press ? or * to list all spells.
You turn into a venomous arachnid creature.
Your +0 robe melds into your body.
The gnoll closely misses you.
You hit the gnoll.
The gnoll is poisoned.
The gnoll is moderately wounded.
The gnoll closely misses you.
You hit the gnoll.
The gnoll is severely wounded.
The gnoll closely misses you.
You hit the gnoll.
The gnoll looks as sick as possible!
The gnoll is severely wounded.
You hit the gnoll.
You kill the gnoll!
You see here a spear.
You now have 96 gold pieces (gained 13).
Things that are here:
a club; a leather armour; a gnoll corpse You butcher the gnoll corpse.
h - 8 chunks of flesh (gained 4)
Things that are here:
a club; a leather armour; a gnoll skeleton Your transformation is almost over.
Things that are here:
a club; a leather armour; a gnoll skeleton Some of the chunks of flesh in your inventory have rotted away.
Your transformation has ended.
Your +0 robe unmelds from your body.
You open the door.
Found a long sword.
There is an open door here.
Casting: Spider Form
Confirm with . or Enter, or press ? or * to list all spells.
You create a snake!
You now have 9 arrows.
You are feeling hungry.
Casting: Sticks to Snakes
Confirm with . or Enter, or press ? or * to list all spells.
You miscast Spider Form.
You are very lightly contaminated with residual magic.
You feel slightly ill.
Casting: Spider Form
Confirm with . or Enter, or press ? or * to list all spells.
You turn into a venomous arachnid creature.
Your +0 robe melds into your body.
Your transformation is almost over.
You open the door.
There is an open door here.
You open the door.
There is an open door here.
Your transformation has ended.
Your +0 robe unmelds from your body.
Casting: Spider Form
Confirm with . or Enter, or press ? or * to list all spells.
You miscast Spider Form.
Multicoloured lights dance before your eyes!
You hit the adder.
The adder is heavily wounded.
The adder barely misses you.
Your ball python misses the adder.
Your ball python closely misses the adder.
You miss the adder.
The adder is moderately wounded.
The adder bites you.
You are poisoned.
The adder poisons you!
Your ball python closely misses the adder.
Your ball python grabs the adder.
Your ball python constricts the adder.
You barely miss the adder.
The adder is moderately wounded.
You feel sick. The adder bites you.
* * * LOW HITPOINT WARNING * * *
You are more poisoned.
The adder poisons you!
Your ball python bites the adder but does no damage.
Your ball python constricts the adder.
You hit the adder.
The adder is severely wounded.
You feel sick. The adder bites you.
* * * LOW HITPOINT WARNING * * *
Your ball python bites the adder but does no damage.
Your ball python constricts the adder.
The adder completely misses you.
You barely miss the adder.
The adder is almost dead.
* * * LOW HITPOINT WARNING * * *
You feel sick.
Your ball python bites the adder.
Your ball python constricts the adder.
The adder dies!
It was a potion of degeneration.
There was something very wrong with that liquid.
You feel weakened.
You feel dopey.
You feel clumsy.
Okay, then.
Okay, then.
Okay, then.
Are you sure you want to abandon this character and quit the game? (Confirm with "yes".)

##### #..# #.#.# #..#
#.#.# #..# #.#.# #..#
#.#.# #..#######.#.#
..........# ..#####..#
#.#####..#
#######'##@†...#
####..[.....#S##..#
#...........'.##..#
#...........####..#
####...........#(..[.#
#..'.............##..#
#.##.............###.#####
#.##.)...................#
#.#####......_.#.###.###.#


You could see a friendly ball python.

Vanquished Creatures
  A centaur skeleton (D:4)
  Jessica (D:2)
  2 gnolls (D:3)
  3 adders
  5 orcs (D:3)
  A giant cockroach (D:3)
  3 goblins
  2 hobgoblins (D:3)
  A quokka (D:3)
  A ball python (D:1)
  2 bats (D:3)
  A frilled lizard (D:1)
  2 rats
25 creatures vanquished.

Vanquished Creatures (collateral kills)
  2 gnolls (D:3)
  An adder (D:3)
  A worm (D:2)
  An orc (D:3)
  2 kobolds
  A quokka (D:3)
8 creatures vanquished.

Grand Total: 33 creatures vanquished

Notes
Turn   | Place    | Note
-------+----------+-------------------------------------------
     0 | D:1      | tidbits the Demigod Transmuter began the quest for the Orb.
     0 | D:1      | Reached XP level 1. HP: 15/15 MP: 5/5
    31 | D:2      | Found a burning altar of Makhleb.
    58 | D:2      | Reached skill level 2 in Spellcasting
   146 | D:2      | Noticed Jessica
   153 | D:2      | Killed Jessica
   153 | D:2      | Reached skill level 2 in Transmutations
   153 | D:2      | Reached XP level 2. HP: 22/22 MP: 5/7
   153 | D:2      | Reached XP level 3. HP: 27/27 MP: 6/9
   157 | D:2      | Learned a level 2 spell: Sticks to Snakes
   161 | D:2      | Learned a level 3 spell: Spider Form
   528 | D:3      | Reached skill level 3 in Unarmed Combat
   555 | D:3      | Found a blossoming altar of Fedhas.
   557 | D:3      | Noticed a scorpion
   567 | D:3      | Noticed a two-headed ogre
   571 | D:3      | Found a transporter.
   683 | D:3      | Found an opulent altar of Gozag.
   752 | D:4      | Reached XP level 4. HP: 12/34 MP: 2/10
   972 | D:3      | Reached skill level 4 in Unarmed Combat
  1011 | D:3      | Reached skill level 3 in Transmutations
  1075 | D:3      | Quit the game

Vault maps used:
D:1:      onia_arrival_pentagram
D:2:      kennysheep_slug_shrine, nicolae_overflow_crystal_walls, first_bread,
          uniq_jessica
D:3:      overflow_temple_1_default, gammafunk_temple_overflow_arena
D:4:      serial_undead, serial_undead_f, serial_undead_e, serial_undead_a,
          serial_undead_a, serial_undead_b, serial_undead_d, serial_undead_c,
          serial_undead_a, serial_undead_b, serial_undead_f,
          fedhas_bush_and_centaur_altar

Skill      XL: |  1  2  3  4 |
---------------+-------------+-----
Spellcasting   | 2 |  2.4
Transmutations | 2 3 |  3.1
Unarmed Combat | 3 4 |  4.2
Fighting       | |  0.8
Dodging        | |  1.7

Action                   |  1- 3 |  4- 6 || total
-------------------------+-------+-------++-------
Melee: Unarmed           |    53 |    17 ||    70
       Kick              |     6 |       ||     6
       Mace              |     2 |       ||     2
 Cast: Beastly Appendage |     7 |       ||     7
       Spider Form       |     7 |     6 ||    13
       Sticks to Snakes  |     6 |     5 ||    11
  Use: Scroll            |     1 |     2 ||     3
       Potion            |       |     1 ||     1
 Stab: Sleeping          |     3 |     1 ||     4
       Distracted        |       |     1 ||     1
  Eat: Chunk             |     1 |     1 ||     2
Armor: Robe              |     5 |       ||     5
       Skin              |     1 |     1 ||     2
Dodge: Dodged            |    30 |    12 ||    42

Table legend:
 A = Spawn XP
 B = Non-spawn XP
 C = Spawn XP percentage of total XP
 D = Spawn monster count
 E = Non-spawn monster count
 F = Spawn count percentage of total count
 G = Total turns spent on level
                    A         B        C        D         E        F      G
               +---------+---------+-------+---------+---------+-------+---------
         Total |      47 |     167 |  22.0 |       5 |      28 |  15.2 |  1075
               +---------+---------+-------+---------+---------+-------+---------
           D:1 |       0 |       6 |   0.0 |       0 |       5 |   0.0 |   168
           D:2 |       1 |      54 |   1.8 |       1 |       3 |  25.0 |   414
           D:3 |      46 |      70 |  39.7 |       4 |      19 |  17.4 |   483
           D:4 |       0 |      37 |   0.0 |       0 |       1 |   0.0 |    10
               +---------+---------+-------+---------+---------+-------+---------

Table legend:
 A = Turns spent in this place as a percentage of turns spent in the entire game.
 B = Non-inter-level travel turns spent in this place as a percentage of non-inter-level travel turns spent in the entire game.
 C = Inter-level travel turns spent in this place as a percentage of turns spent in this place.
 D = Turns resting spent in this place as a percentage of non-inter-level travel turns spent in this place.
 E = Turns spent auto-exploring this place as a percentage of non-inter-level travel turns spent in this place.
 F = Non-inter-level travel turns spent in this place divided by the number of levels of this place that you've seen.
                   A       B       C       D       E      F
               +-------+-------+-------+-------+-------+----------------------
         Total | 100.0 | 100.0 |   0.8 |   0.0 |   0.0 | 266.5
       Dungeon | 100.0 | 100.0 |   0.8 |   0.0 |   0.0 | 266.5
               +-------+-------+-------+-------+-------+----------------------

Table legend:
 A = Kills in this place as a percentage of kills in entire the game.
 B = Kills by you in this place as a percentage of kills by you in the entire game.
 C = Kills by friends in this place as a percentage of kills by friends in the entire game.
 D = Other kills in this place as a percentage of other kills in the entire game.
 E = Experience gained in this place as a percentage of experience gained in the entire game.
 F = Experience gained in this place divided by the number of levels of this place that you have seen.
                   A       B       C       D       E      F
               +-------+-------+-------+-------+-------+----------------------
         Total | 100.0 | 100.0 | 100.0 |   N/A | 100.0 |  53.5
       Dungeon | 100.0 | 100.0 | 100.0 |   N/A | 100.0 |  53.5
               +-------+-------+-------+-------+-------+----------------------

Vault maps used:
D:1:      onia_arrival_pentagram
D:2:      kennysheep_slug_shrine, nicolae_overflow_crystal_walls, first_bread,
          uniq_jessica
D:3:      overflow_temple_1_default, gammafunk_temple_overflow_arena
D:4:      serial_undead, serial_undead_f, serial_undead_e, serial_undead_a,
          serial_undead_a, serial_undead_b, serial_undead_d, serial_undead_c,
          serial_undead_a, serial_undead_b, serial_undead_f,
          fedhas_bush_and_centaur_altar
